Cogmind - Beta 15 @@@ ROGUE MODE // 2025.06.22 @ 18:10:47 Player: SgtChico Result: Destroyed by S-10 Pest with Light Assault Rifle Performance ------------- Evolutions (0) 0 Regions Visited (2) 400 Robots Destroyed (13) 65 Value Destroyed (226) 226 Prototype IDs (0) 0 Alien Tech Used (0) 0 Bonus (0) 0 TOTAL SCORE: 691 Bonus ------- None Cogmind --------- Core Integrity 0/250 Matter 289/300 Energy 140/140 System Corruption 6% Temperature Cool (0) Movement Rolling (80) Location -10/Mines Parts ------- > --- POWER (1) -------- Light Deuterium Engine > --- PROPULSION (2) --- Wheel Wheel > --- UTILITY (2) ------ Launcher Guidance Computer > --- WEAPON (2) ------- (None) > --- INVENTORY (5) ---- Light Ion Engine Wheel Peak State ------------ > --- POWER ------------ Light Deuterium Engine > --- PROPULSION ------- Wheel Wheel > --- UTILITY ---------- Launcher Guidance Computer > --- WEAPON ----------- Welding Torch > --- INVENTORY -------- Light Ion Engine Wheel [Rating: 10] Favorites ----------- Power Light Ion Engine Engine Light Ion Engine Propulsion Aluminum Leg Leg Aluminum Leg Wheel Wheel Utility Seismic Detector Device Seismic Detector Processor Launcher Guidance Computer Weapon Assault Rifle Energy Gun Small Laser Ballistic Gun Assault Rifle Special Weapon Welding Torch Build | -11 -10 -10 ------- Run | Yrd Mat Min Slots Evolved . | . . . Power . | . . . Propulsion . | . . . Utility . | . . . Weapon . | . . . Parts Attached 20 | 9 4 7 Power 3 | 1 . 2 Engine 3 | 1 . 2 Core . | . . . Reactor . | . . . Propulsion 8 | 2 3 3 Treads . | . . . Leg 5 | 2 3 . Wheel 3 | . . 3 Hover . | . . . Flight . | . . . Utility 3 | 2 . 1 Device 2 | 2 . . Storage . | . . . Processor 1 | . . 1 Hackware . | . . . Protection . | . . . Artifact . | . . . Weapon 6 | 4 1 1 Energy Gun 1 | 1 . . Energy Cannon . | . . . Ballistic Gun 3 | 2 1 . Ballistic Cannon . | . . . Launcher . | . . . Special Weapon 2 | 1 . 1 Impact Weapon . | . . . Slashing Weapon . | . . . Piercing Weapon . | . . . Special Melee Weapon . | . . . Unidentified Prototypes . | . . . Parts Lost 10 | . 2 8 Power 2 | . 1 1 Propulsion 3 | . 1 2 Utility 2 | . . 2 Weapon 3 | . . 3 Highest Loss Streak 6 | . 1 6 To Critical Strikes . | . . . Average Backups 2 | 2 3 2 Power . | . 1 1 Propulsion 1 | 1 2 1 Utility . | . . . Weapon . | . . . Tool/Special . | . . . Unused Backups 2 | . . 2 Power 1 | . . 1 Propulsion 1 | . . 1 Utility . | . . . Weapon . | . . . Tool/Special . | . . . Average Slot Usage (%) 83 | . 93 71 Engine 11 | . 9 12 Leg 21 | . 27 15 Wheel 5 | . . 11 Device 18 | . 28 6 Processor 2 | . . 5 Ballistic Gun 20 | . 26 13 Special Weapon 2 | . . 5 Peak Build Rating 10 | 7 7 10 Average Rating 6 | 5 6 7 On Entrance 4 | . 7 6 Naked Turns . | . . . Heaviest Build 9 | 8 9 8 Greatest Support 20 | 20 20 20 Greatest Overweight (x) 1 | . . 1 Average Overweight (x) . | . . . Largest Inventory Capacity 5 | 5 5 5 Average Capacity 5 | 5 5 5 Most Carried 5 | 5 4 4 Average Carried 2 | 2 3 2 Final Capacity 5 | 5 5 5 Final Carried 3 | 3 3 2 Class Distribution -------------------- 56% | Mutant 43% | Scavenger-Mutant Dominant Class ---------------- Mutant | -10/Materials Scavenger-Mutant | -10/Mines Resources | -11 -10 -10 ----------- Run | Yrd Mat Min Matter Collected 648 | 292 136 220 Remotely . | . . . Salvage Created 308 | 64 193 51 Parts 25 | 8 11 6 Haulers Intercepted . | . . . Recyclers Shooed 2 | . 2 . Parts Field Recycled . | . . . Retrieved Matter . | . . . Parts Self-Destructed . | . . . Prevented . | . . . Kills | -11 -10 -10 ------- Run | Yrd Mat Min Combat Hostiles Destroyed 11 | 1 6 4 Guns 11 | 1 6 4 Classes Destroyed 5 | 2 2 1 Tunneler 2 | 2 . . Watcher 1 | . 1 . Swarmer 6 | . 3 3 Grunt 4 | 1 3 . Assembled 1 | . . 1 Best Kill Streak 3 | 1 3 3 Combat Bots Only 3 | 1 3 3 Max Kills in Single Turn 2 | 1 1 2 Gunslinging 1 | . . 1 Exploded . | . . . Melee . | . . . Uniques/NPCs Destroyed . | . . . Combat | -11 -10 -10 -------- Run | Yrd Mat Min Hostile Shots Fired 118 | 6 62 50 Missed 28 | . 14 14 Hits 90 | 6 48 36 Melee 6 | . . 6 Projectile 84 | 6 48 30 AOE 3 | . . 3 Part Disruptions 1 | . . 1 Damage Taken 1038 | 67 487 484 Core 254 | 11 95 148 Absorbed by Shields . | . . . Core Remaining (%) 95 | 95 . . Volleys Fired 65 | 21 37 7 Largest 2 | 2 2 2 Hottest 60 | 60 40 40 Shots Fired 124 | 37 74 13 Gun 124 | 37 74 13 Cannon . | . . . Launcher . | . . . Special . | . . . Kinetic 103 | 16 74 13 Thermal 21 | 21 . . Explosive . | . . . Electromagnetic . | . . . Robot Hit Streak 5 | 4 5 3 Robot Miss Streak 8 | 2 8 3 Penetration Max . | . . . Secondary Targets 1 | . . 1 Max Gunslinging Chain 1 | . . 1 Shots Hit Robots 49 | 15 29 5 Core Hits 18 | 4 10 4 Critical Kills . | . . . Critical Parts Destroyed 2 | 1 1 . Critical Strikes 2 | 1 1 . Destroy 2 | 1 1 . Melee Attacks . | . . . Impact . | . . . Slashing . | . . . Piercing . | . . . Sneak Attacks . | . . . Combat Hostiles . | . . . Follow-up Attacks . | . . . Damage Inflicted 701 | 180 446 75 Guns 701 | 180 446 75 Cannons . | . . . Explosions . | . . . Melee . | . . . Ramming . | . . . Kinetic 612 | 91 446 75 Thermal 89 | 89 . . Explosive . | . . . Electromagnetic . | . . . Impact . | . . . Slashing . | . . . Piercing . | . . . Highest Corruption 6 | . . 6 Average Corruption 5 | . . 5 Corruption Purged . | . . . Corruption Blocked . | . . . Effects 4 | . . 4 Message Errors 1 | . . 1 Matter Fused 2 | . . 2 Data Loss (minor) 1 | . . 1 Overload Shots . | . . . Overflow Damage . | . . . Projectiles . | . . . Explosions . | . . . Melee . | . . . Knockbacks . | . . . Impact . | . . . Kinetic . | . . . Secondary . | . . . Self-Inflicted Damage . | . . . Shots . | . . . Rammed . | . . . Targets Rammed . | . . . Kicked . | . . . Crushed . | . . . Highest Temperature 38 | 38 . 13 Average Temperature 16 | 17 . 7 Received Heat Transfer 254 | 36 138 80 Siege Activations . | . . . Martial Activations . | . . . Shielding Activations . | . . . Robots Disrupted . | . . . Combat Hostiles . | . . . Robots Corrupted . | . . . Combat Hostiles . | . . . Parts Fried . | . . . Impact Corruptions . | . . . Robots Melted . | . . . Combat Hostiles . | . . . Parts Melted . | . . . Heat Transferred 200 | 200 . . Parts Sabotaged . | . . . Parts Stolen . | . . . Parts Stripped . | . . . Power Chain Reactions . | . . . Alert | -11 -10 -10 ------- Run | Yrd Mat Min Maximum Alert Level . | . . . Low Security (%) 100 | 100 100 100 Level 1 . | . . . Level 2 . | . . . Level 3 . | . . . Level 4 . | . . . Level 5 . | . . . High Security . | . . . Max Security . | . . . Peak Influence 73 | 25 58 73 Initial 13 | . 3 13 Average 15 | 3 21 23 Influence Increases 275 | 45 145 85 Destroy 0b10 Robot/C 200 | 20 120 60 Destroy 0b10 Robot/NC 15 | 10 5 . Destroy Leader 22 | . 12 10 Successful Hack 7 | . 7 . Destroy Structure 1 | . 1 . Lose Combat Pursuer 30 | 15 . 15 Influence Decreases 275 | 40 115 120 Entered New Map 24 | . 2 22 Time Decay 198 | 40 93 65 Lost Part 53 | . 20 33 Squads Dispatched 1 | . 1 . Investigation 1 | . 1 . Extermination . | . . . Reinforcement . | . . . Assault . | . . . Garrison . | . . . Intercept . | . . . Searches Triggered . | . . . Construction Impeded . | . . . Haulers Reinforced . | . . . Active Scanning Responses . | . . . Cargo Convoy Interrupts . | . . . Stealth | -11 -10 -10 --------- Run | Yrd Mat Min Distress Signals 2 | . 2 . Communications Jammed . | . . . Distress Signals . | . . . Times Spotted 31 | 2 9 20 Peak Tracking Total 14 | 1 4 14 Tactical Retreats 2 | 1 . 1 Traps | -11 -10 -10 ------- Run | Yrd Mat Min Traps Triggered 2 | . 2 . Indirectly . | . . . Trap Hack Attempts . | . . . Triggered . | . . . Disarmed . | . . . Reprogrammed . | . . . Reused . | . . . Traps Extracted . | . . . Installed . | . . . Triggered . | . . . Machines | -11 -10 -10 ---------- Run | Yrd Mat Min Machines Disabled . | . . . Max in Single Turn . | . . . Machines Repaired . | . . . Machines Dismantled . | . . . Machines Sabotaged . | . . . Overloaded Fab Kills . | . . . Hacking | -11 -10 -10 --------- Run | Yrd Mat Min Machines Accessed 2 | . 2 . Terminals 2 | . 2 . Fabricators . | . . . Repair Stations . | . . . Recycling Units . | . . . Scanalyzers . | . . . Garrison Access . | . . . Total Hacks 5 | . 5 . Successful 4 | . 4 . Failed 1 | . 1 . Catastrophic . | . . . Database Lockouts . | . . . Manual . | . . . Terminals 5 | . 5 . Fabricators . | . . . Repair Stations . | . . . Recycling Units . | . . . Scanalyzers . | . . . Garrison Access . | . . . Terminal Hacks 4 | . 4 . Record 1 | . 1 . Robot Analysis 1 | . 1 . Transport Status 1 | . 1 . Zone Layout 1 | . 1 . Fabricator Hacks . | . . . Repair Station Hacks . | . . . Recycling Unit Hacks . | . . . Scanalyzer . | . . . Garrison Access Hacks . | . . . Unauthorized Hacks . | . . . Terminals . | . . . Fabricators . | . . . Repair Stations . | . . . Recycling Units . | . . . Scanalyzers . | . . . Garrison Access . | . . . Data Cores Recovered . | . . . Used . | . . . Hacking Detections 2 | . 2 . Full Trace Events . | . . . Feedback Events . | . . . Feedback Blocked . | . . . Robot Schematics Acquired . | . . . Robots Built . | . . . Authchips . | . . . Time . | . . . Total Robot Build Rating . | . . . Part Schematics Acquired . | . . . Parts Built . | . . . Authchips . | . . . Time . | . . . Total Part Build Rating . | . . . Parts Repaired . | . . . Time . | . . . Parts Recycled . | . . . Recycled Matter . | . . . Retrieved Matter . | . . . Retrieved Components . | . . . Parts Scanalyzed . | . . . Part Schematics Acquired . | . . . Parts Damaged . | . . . Bothacking | -11 -10 -10 ------------ Run | Yrd Mat Min Used RIF Installer . | . . . Robots Hacked . | . . . Non-combat . | . . . Combat . | . . . Robot Hacks Applied . | . . . Relay Couplers Released . | . . . Fabnet Peak Effective % . | . . . Robots Rewired . | . . . Allies Hacked . | . . . Hacks Repelled . | . . . Allies | -11 -10 -10 -------- Run | Yrd Mat Min Total Allies . | . . . Largest Group . | . . . Highest-Rated Group . | . . . Highest-Rated Ally . | . . . Total Orders . | . . . Ally Attacks . | . . . Total Damage . | . . . Kills . | . . . Allies Corrupted . | . . . Allies Melted . | . . . Intel | -11 -10 -10 ------- Run | Yrd Mat Min Active Infowar (turns) 446 | 65 273 108 Seismic 446 | 65 273 108 Robot Analysis Total 1 | . 1 . Derelict Logs Recovered 1 | . . 1 Drone Launches . | . . . Drone Recoveries . | . . . Exploration | -11 -10 -10 ------------- Run | Yrd Mat Min Turns Passed 770 | 257 273 240 Spaces Moved 480 | 158 125 197 Core 32 | 18 . 14 Treads . | . . . Legs 338 | 140 125 73 Wheels 110 | . . 110 Hover . | . . . Flight . | . . . Fastest Speed 50 | 50 120 50 Average Speed 107 | 112 120 94 Slowest Speed 120 | 120 120 120 Overloaded Moves . | . . . Propulsion Burnouts . | . . . Robots Hopped . | . . . Potential Cave-ins . | . . . Cave-ins Triggered . | . . . Exploration Rate (%) 27 | 9 30 44 Regions Visited 2 Branch Regions 1 Pre-discovered Areas 1 | . . 1 Known Exits Taken . | . . . Unknown Exits Taken 2 | 1 1 . Scrap Searched 1 | . . 1 Spaces Dug . | . . . Terrain Destroyed . | . . . Melee . | . . . Projectile . | . . . AOE . | . . . Terrain Rammed . | . . . Walls Destroyed . | . . . Machines Disabled . | . . . Actions | -11 -10 -10 --------- Run | Yrd Mat Min Total 615 | 204 174 237 Wait 21 | . 2 19 Move 478 | 157 124 197 Hop . | . . . Pick Up 23 | 13 4 6 Fast Attach . | . . . Attach 18 | 9 2 7 Detach 1 | 1 . . Swap 2 | . 2 . Drop 7 | 3 3 1 Fire 65 | 21 37 7 Melee . | . . . Ram . | . . . Kick . | . . . Crush . | . . . Escape Stasis . | . . . Rewire . | . . . Trap . | . . . Miscellaneous . | . . . Route ------- -11/Scrapyard -10/Materials -10/Mines (discovered 1 exit: [*Mat]) History --------- Turn | Location | Event 2 | -11/Scrapyard | Met Revision 17 73 | -11/Scrapyard | Discovered new exit (range 8) 258 | -11/Scrapyard | Entered Materials 310 | -10/Materials | Build established: Mutant 492 | -10/Materials | Discovered new exit (range 15) 531 | -10/Materials | Entered Mines 616 | -10/Mines | Assembled infested the area 621 | -10/Mines | Assisted by a Guerilla fighting off Assembled 645 | -10/Mines | Core integrity fell below 50% 658 | -10/Mines | Core integrity fell below 20% 686 | -10/Mines | Lost 6 parts (1p2n1u2w) 697 | -10/Mines | Learned location of Recycling (-8) 761 | -10/Mines | Discovered new exit (range 7) 771 | -10/Mines | Destroyed by S-10 Pest with Light Assault Rifle Last Messages --------------- R-06 Scavenger collects Terrain Scanner. Acquired 25 matter. Acquired Welding Torch. R-06 Scavenger collects Structural Scanner. U-05 Engineer lays Concrete. The unstable cave ceiling collapses. Acquired 63 matter. R-06 Scavenger collects Terrain Scan Processor. R-06 Scavenger collects Aluminum Leg. K-01 Serf collects debris. Acquired derelict log, extracted data. World map updated: -8/Recycling. System corrupted: Matter fused (-10). R-06 Scavenger collects Lgt. Ion Engine. K-01 Serf collects debris. T-07 Excavator is excavating. :U B OR78TLBMXM&TJ2OZ>LTI